 Dungeon Crawl Stone Soup version 0.17.1-3-g152610e (webtiles) character file.

12298 Gargoyl the Cleaver (level 11, 0/90 HPs)
             Began as a Demonspawn Abyssal Knight on Mar 6, 2016.
             Was a High Priest of Lugonu.
             Slain by Sonja
             ... wielding a +0 short sword of distortion
              (5 damage)
             ... on level 3 of the Lair of Beasts.
             The game lasted 00:35:45 (14496 turns).

Gargoyl the Cleaver (Demonspawn Abyssal Knight)    Turns: 14496, Time: 00:35:45

Health: 0/90       AC: 28    Str: 20    XL:     11   Next: 60%
Magic:  14/14      EV:  7    Int: 15    God:    Lugonu [*****.]
Gold:   260        SH:  0    Dex: 12    Spells: 0 memorised, 10 levels left

rFire  . . .     SeeInvis .     C - +5 battleaxe (elec)
rCold  + . .     Clarity  .     g - +0 plate armour
rNeg   . . .     SustAt   .     (shield currently unavailable)
rPois  .         Gourm    .     f - +2 helmet
rElec  .         Spirit   .     (no cloak)
rCorr  .         Warding  .     n - +2 pair of gloves
rMut   .         Stasis   .     h - +2 pair of boots
MR     .....                    (no amulet)
Stlth  ..........               t - +5 ring of strength
                                (no ring)

@: lethally poisoned (0 -> -11), slowed, very slow, not resistant to hostile
enchantments, extremely unstealthy
A: icy blue scales 3, demonic guardian 1, slow regeneration 1, spit poison 1
a: Spit Poison, Depart the Abyss, Bend Space, Banish, Corrupt, Enter the Abyss,
Renounce Religion


You were on level 3 of the Lair of Beasts.
You worshipped Lugonu.
Lugonu was extremely pleased with you.
You were not hungry.

You visited 2 branches of the dungeon, and saw 13 of its levels.
You visited the Abyss 1 time.
You also visited: Sewer.

You collected 570 gold pieces.
You spent 310 gold pieces at shops.

Inventory:

Hand Weapons
 p - a +0 dire flail
 C - a +5 battleaxe of electrocution (weapon)
Missiles
 u - 5 tomahawks (quivered)
Armour
 f - a +2 helmet (worn)
 g - a +0 plate armour (worn)
 h - a +2 pair of boots (worn)
 n - a +2 pair of gloves (worn)
Jewellery
 e - an uncursed ring of ice
 t - a +5 ring of strength (right hand)
Wands
 d - a wand of cold (2)
 j - a wand of confusion (22)
 D - a wand of polymorph (17)
 E - a wand of draining (7)
 H - a wand of flame (26)
 I - a wand of teleportation (2)
 K - a wand of flame (19)
Scrolls
 k - 6 scrolls of fear
 l - 9 scrolls of identify
 m - 7 scrolls of teleportation
 o - 3 scrolls of recharging
 r - a scroll of magic mapping
 y - 3 scrolls of remove curse
 z - a scroll of summoning
 G - 2 scrolls of amnesia
 J - a scroll of acquirement {unknown}
Potions
 b - 5 potions of brilliance
 q - 7 potions of curing
 s - 4 potions of might
 v - a potion of haste
 A - a potion of cancellation
 B - 2 potions of heal wounds
 F - a potion of agility {unknown}
Books
 a - a book of Death

   Spells                             Type                      Level
   a - Corpse Rot                     Necromancy                   2
   b - Sublimation of Blood           Necromancy                   2
   c - Agony                          Necromancy                   5
   d - Dispel Undead                  Necromancy                   5
   e - Excruciating Wounds            Charms/Necromancy            5
   f - Bolt of Draining               Conjuration/Necromancy       5
 c - a book of Spatial Translocations

   Spells                             Type                      Level
   a - Apportation                    Translocation                1
   b - Blink                          Translocation                2
   c - Shroud of Golubria             Charms/Translocation         2
   d - Portal Projectile              Translocation                3
   e - Teleport Other                 Translocation                3
   f - Passage of Golubria            Translocation                4
Comestibles
 w - 3 meat rations
 x - 6 bread rations


   Skills:
 + Level 9.8 Fighting
 + Level 10.1 Axes
 + Level 9.1 Armour
 + Level 5.7 Dodging
 + Level 2.1 Stealth
 + Level 4.0 Invocations
 + Level 0.6 Evocations


You had 10 spell levels left.
You didn't know any spells.

Dungeon Overview and Level Annotations

Branches:
Dungeon (10/15)            Temple (0/1) D:7            Lair (3/8) D:10
  Swamp: Lair:3-6    Shoals: Lair:3-6     Snake: Lair:3-6    Spider: Lair:3-6
    Orc: D:9-12

Altars:
Ashenzari
Cheibriados
Dithmenos
Elyvilon
Fedhas
Gozag
Makhleb
Okawaru
Qazlal
Trog
Vehumet
Xom
Zin
The Shining One

Shops:
D:6 [[(=   D:7 }

Annotations:
Lair:3 Sonja
Abyss:1 Pikel


Innate Abilities, Weirdness & Mutations

You are completely covered in icy blue scales (AC +4, EV -1, rC+).
A weak demonic guardian rushes to your aid.
You regenerate slowly when monsters are visible.
You can spit weak poison.


Message History

Your crimson imp blinks!
You feel sick.
Sonja gestures wildly while chanting.
Sonja blinks!
Your crimson imp blinks!
You feel sick.
Sonja mumbles some strange words.
Sonja blinks!
Your crimson imp blinks!
Your plate armour prevents you from hitting Sonja.
You feel sick. Sonja hits you but does no damage.
Space warps horribly around you! Sonja hits you but does no damage.
Space bends around you. Sonja barely misses you.
Your crimson imp blinks!
Sonja hits you but does no damage. Space bends around you.
* * * LOW HITPOINT WARNING * * *
Sonja hits you but does no damage. Space warps horribly around you!
* * * LOW HITPOINT WARNING * * *
Sonja hits you but does no damage. Space bends around you.
You die...

#.## ######## ### ###...
.#.#####.#.##.######.##### #.....
........#.#....#P.P......###.....
......................#..##......
(..(.....((...........#..........
.................................
.......................5.........
...........................#.....
...........§..5K@................
......................§.........#
..........#......................
......#...##.P..##..............#
##..##.#..####..#P...............
#### ###......>.......... #######
#......Y.......##
######..##.####......†......P.
#..⌠.#..###.....÷.............


You could see Sonja, a sheep, a friendly iron imp and a friendly crimson imp.

Vanquished Creatures
  A black mamba (Lair:3)
  A spiny frog (Lair:2)
  2 komodo dragons
  A fire drake (D:10)
  A troll (D:9)
  8 blink frogs
  Grinder (D:6)
  6 yaks
  A wyvern (D:8)
  3 hippogriffs
  7 wolves
  6 water moccasins
  A soldier ant (D:10)
  4 orc warriors
  3 slaves (D:6)
  3 black bears
  3 ogres
  4 phantoms
  3 porcupines (Lair:2)
  An ice beast (D:7)
  2 centaurs
  2 sky beasts
  6 big kobolds (Sewer)
  5 crocodiles
  10 giant frogs
  2 scorpions
  7 wights (D:7)
  6 killer bees
  3 hounds
  A centaur zombie (D:4)
  3 giant frog zombies
  A giant frog skeleton (D:6)
  A quasit (D:8)
  4 orc priests
  3 jellies
  5 orc wizards
  An iguana (Lair:2)
  8 worker ants
  7 sheep (Lair:1)
  A hound zombie (D:9)
  A worker ant zombie (D:10)
  13 adders
  18 river rats
  2 adder zombies
  4 oozes
  An adder skeleton (D:5)
  5 worms
  10 giant geckos
  28 orcs
  4 ball pythons
  9 giant cockroaches
  6 goblins
  5 hobgoblins
  13 jackals
  5 quokkas
  5 bats
  2 giant gecko zombies
  6 giant newts
  A jackal zombie (D:6)
  12 kobolds
  A quokka skeleton (D:5)
  13 rats
  A plant (Lair:2)
303 creatures vanquished.

Vanquished Creatures (collateral kills)
  Urug (Lair:2)
  A wolf (Lair:2)
  A scorpion (D:7)
  A shadow imp (D:7)
4 creatures vanquished.

Vanquished Creatures (others)
  A slave (D:6)
  A plant (Lair:2)
2 creatures vanquished.

Grand Total: 309 creatures vanquished

Notes
Turn   | Place    | Note
--------------------------------------------------------------
     0 | Abyss:1  | Gargoyl the Demonspawn Abyssal Knight began the quest for the Orb.
     0 | Abyss:1  | Reached XP level 1. HP: 18/18 MP: 2/2
     0 | Abyss:1  | Found a viscous altar of Jiyva.
    36 | Abyss:1  | Noticed a necromancer
    40 | D:1      | Escaped the Abyss
   150 | D:1      | Reached skill level 1 in Dodging
   313 | D:1      | Reached * piety under Lugonu
   324 | D:1      | Gained mutation: You are partially covered in icy blue scales (AC +1). [demonic ancestry]
   324 | D:1      | Reached XP level 2. HP: 20/24 MP: 3/3
   914 | D:1      | Reached XP level 3. HP: 29/29 MP: 5/5
  1607 | D:3      | Gained mutation: You are mostly covered in icy blue scales (AC +3, EV -1). [demonic ancestry]
  1607 | D:3      | Reached XP level 4. HP: 31/35 MP: 6/6
  1672 | D:3      | Found a glowing drain.
  1685 | D:3      | Reached ** piety under Lugonu
  1700 | Sewer    | Entered a sewer
  1886 | Sewer    | Noticed a big kobold
  1911 | Sewer    | Killed a big kobold
  1911 | Sewer    | Reached XP level 5. HP: 26/41 MP: 7/7
  2165 | Sewer    | Noticed a big kobold
  2184 | Sewer    | Killed a big kobold
  2185 | Sewer    | Gained mutation: You are completely covered in icy blue scales (AC +4, EV -1, rC+). [demonic ancestry]
  2185 | Sewer    | Reached XP level 6. HP: 37/48 MP: 8/8
  2274 | Sewer    | Noticed a big kobold
  2295 | Sewer    | Killed a big kobold
  2295 | Sewer    | Reached skill level 4 in Fighting
  2466 | Sewer    | Noticed a big kobold
  2484 | Sewer    | Killed a big kobold
  2609 | Sewer    | Noticed a big kobold
  2609 | Sewer    | Noticed a big kobold
  2629 | Sewer    | Killed a big kobold
  2653 | Sewer    | Killed a big kobold
  2653 | Sewer    | Reached XP level 7. HP: 14/55 MP: 9/9
  3050 | D:3      | Reached *** piety under Lugonu
  3346 | D:4      | Found an iron altar of Okawaru.
  3472 | D:4      | Reached skill level 1 in Stealth
  3555 | D:4      | Found a glowing golden altar of the Shining One.
  3843 | D:4      | Reached skill level 5 in Fighting
  4353 | D:5      | Entered Level 5 of the Dungeon
  4406 | D:5      | Found a bloodstained altar of Trog.
  4788 | D:5      | Reached XP level 8. HP: 62/62 MP: 10/10
  4860 | D:5      | Found a glowing silver altar of Zin.
  4964 | D:5      | Found a snail-covered altar of Cheibriados.
  5106 | D:5      | Reached skill level 5 in Armour
  5293 | D:6      | Noticed Grinder
  5306 | D:6      | Reached **** piety under Lugonu
  5313 | D:6      | Killed Grinder
  5396 | D:6      | Reached skill level 5 in Axes
  5480 | D:6      | Found Ofen Aqo's Jewellery Boutique.
  5576 | D:6      | Found Jatod's Weapon Emporium.
  5687 | D:6      | Noticed Pikel
  5698 | D:6      | Banished Pikel
  5841 | D:6      | Found Yhuar's Antique Armour Emporium.
  5888 | D:6      | Found a burning altar of Makhleb.
  5940 | D:6      | Found Wooseuth's Antique Armour Shoppe.
  6121 | D:6      | Reached skill level 6 in Fighting
  6139 | D:6      | Reached XP level 9. HP: 64/69 MP: 11/11
  6288 | D:7      | Gained mutation: You can spit weak poison. [mutagenic meat]
  6289 | D:7      | Gained mutation: You are resistant to hostile enchantments. [mutagenic meat]
  6290 | D:7      | Gained mutation: You are weak. (Str -2) [mutagenic meat]
  6295 | D:7      | Lost mutation: You are resistant to hostile enchantments. [potion of cure mutation]
  6295 | D:7      | Lost mutation: You are weak. (Str -2) [potion of cure mutation]
  6295 | D:7      | Lost mutation: You can spit weak poison. [potion of cure mutation]
  6394 | D:7      | Found a staircase to the Ecumenical Temple.
  6776 | D:7      | Found Pawodo's Gadget Emporium.
  6790 | D:7      | Found a blossoming altar of Fedhas.
  7657 | D:7      | Reached skill level 5 in Dodging
  7747 | D:8      | Reached skill level 7 in Armour
  8115 | D:6      | Bought a +2 battleaxe of electrocution for 310 gold pieces
  8546 | D:8      | You fall through a shaft!
  8561 | D:9      | Reached ***** piety under Lugonu
  8582 | D:9      | Reached XP level 10. HP: 42/79 MP: 13/13
  8586 | D:9      | Gained mutation: You regenerate slowly when monsters are visible. [mutagenic meat]
  8588 | D:9      | Gained mutation: You can spit weak poison. [mutagenic meat]
  9798 | D:8      | Found a bloodstained altar of Trog.
  9806 | D:8      | Found a shadowy altar of Dithmenos.
  9807 | D:8      | Found a radiant altar of Vehumet.
  9807 | D:8      | Found a stormy altar of Qazlal.
  9807 | D:8      | Found a shattered altar of Ashenzari.
  9807 | D:8      | Found an opulent altar of Gozag.
  9809 | D:8      | Found a white marble altar of Elyvilon.
  9810 | D:8      | Found a burning altar of Makhleb.
  9811 | D:8      | Found a shimmering altar of Xom.
  9923 | D:10     | Entered Level 10 of the Dungeon
  9932 | D:10     | Reached skill level 8 in Axes
 10007 | D:10     | Found a staircase to the Lair.
 10790 | Lair:1   | Entered Level 1 of the Lair of Beasts
 11817 | Lair:2   | Reached skill level 9 in Axes
 12367 | Lair:2   | Gained mutation: A weak demonic guardian rushes to your aid. [demonic ancestry]
 12367 | Lair:2   | Reached XP level 11. HP: 87/87 MP: 14/14
 12383 | Lair:2   | Noticed Urug
 12687 | Lair:2   | Killed Urug
 14283 | Lair:3   | Reached skill level 10 in Axes
 14476 | Lair:3   | Noticed Sonja
 14496 | Lair:3   | Slain by Sonja

Action                   |  1- 3 |  4- 6 |  7- 9 | 10-12 || total
-------------------------+-------+-------+-------+-------++-------
Melee: Hand axe          |   130 |   195 |   585 |       ||   910
       Battleaxe         |       |       |    39 |   294 ||   333
Invok: Depart the Abyss  |     1 |       |       |       ||     1
       Banish            |       |       |     2 |       ||     2
Evoke: Wand              |       |       |     3 |     7 ||    10
  Use: Scroll            |     1 |     7 |     9 |     4 ||    21
       Potion            |       |       |     6 |     9 ||    15
 Stab: Distracted        |       |       |       |     1 ||     1
  Eat: Chunk             |     1 |     1 |    13 |     6 ||    21
       Bread ration      |     1 |       |     1 |     1 ||     3
       Fruit             |       |       |     7 |     7 ||    14
       Beef jerky        |       |       |     1 |       ||     1
       Royal jelly       |       |       |       |     1 ||     1
       Pizza             |       |       |       |     3 ||     3
